 Dungeon Crawl Stone Soup version 0.29-a0-668-g12ee2bf84d (webtiles) character file.

Game seed: 15690272750664270357

10 blackman the Sneak (level 2, 0/24 HPs)
             Began as a Human Delver on June 23, 2022.
             Was an Initiate of Elyvilon.
             Slain by a gnoll
             ... wielding a +0 halberd
              (12 damage)
             ... on level 4 of the Dungeon.
             The game lasted 00:01:41 (724 turns).

blackman the Sneak (Human Delver)                    Turns: 724, Time: 00:01:42

Health: 0/24       AC:  3    Str: 12    XL:     2   Next: 30%
Magic:  2/2        EV: 12    Int: 10    God:    Elyvilon [......]
Gold:   0          SH:  0    Dex: 14    Spells: 1/1 levels left

rFire   . . .      SeeInvis .   a - +0 hand axe
rCold   . . .      Faith    .   (no shield)
rNeg    . . .      Spirit   .   b - +0 leather armour
rPois   .          Reflect  .   (no helmet)
rElec   .          Harm     .   (no cloak)
rCorr   .          Rampage  .   (no gloves)
Will    .....                   (no boots)
Stlth   +++.......              (no amulet)
HPRegen 0.08/turn               (no ring)
MPRegen 0.08/turn               (no ring)

@: no status effects
A: no striking features
a: Renounce Religion


You were on level 4 of the Dungeon.
You worshipped Elyvilon.
Elyvilon was noncommittal.
You visited 2 branches of the dungeon, and saw 3 of its levels.

Inventory:

Hand Weapons
 a - a +0 hand axe (weapon)
Armour
 b - a +0 leather armour (worn)
Wands
 g - a wand of digging (3)
Scrolls
 c - a scroll of fog
 d - a scroll of identify {unknown}
 e - a scroll of fear
Potions
 f - a potion of haste


   Skills:
 + Level 3.1 Fighting
 + Level 2.2 Axes
 + Level 2.2 Dodging
 + Level 5.1 Stealth


You had one spell level left.
You didn't know any spells.
Your spell library was empty.

Dungeon Overview and Level Annotations

Branches:
Dungeon (5/15)             Temple (1/1) D:5

Altars:
Cheibriados
Elyvilon
Fedhas
Gozag
Hepliaklqana
Kikubaaqudgha
Makhleb
Nemelex Xobeh
Qazlal
Sif Muna
Trog
Wu Jian
Xom
Yredelemnul
Zin


Message History

HP restored.
You start waiting.
Done waiting.
You start waiting.
Done waiting.
You start waiting.
Unknown command.
You see here a +0 flail.
A gnoll comes into view. It is wielding a +0 club.
A gnoll comes into view. It is wielding a +0 halberd.
Found a lumpy inky potion.
Okay, then.
Unknown command.
Unknown command.
The gnoll hits you from afar with a +0 halberd.
You see here a +0 flail.
There is a stone staircase leading down, spattered with blood here.
The gnoll barely misses you.
You climb downwards.
You hear the hiss of flowing sand.
There is an entrance to an ossuary on this level.
Hurry and find it before the portal is buried!
The walls and floor vibrate strangely for a moment.
There is a stone staircase leading up here.
You start resting.
HP restored.
You climb upwards.
There is a stone staircase leading down, spattered with blood here.
The gnoll barely misses you.
You see here a +0 flail.
You hit the gnoll.
The gnoll is moderately wounded.
The gnoll hits you with a +0 halberd!
You hit the gnoll.
The gnoll is heavily wounded.
The gnoll hits you with a +0 halberd.
You closely miss the gnoll.
The gnoll is heavily wounded.
The gnoll hits you with a +0 halberd!
Ouch! That really hurt!
You die...

.# . # !#. . ..# ..
#.# #... #
####.##.....
##.#####...$.......
#...>@g..##.....##
>.....########g....#
##### #.....#
#######


You could see a gnoll.

Vanquished Creatures
  A gnoll (D:4)
1 creature vanquished.

Notes
Turn   | Place    | Note
-------+----------+-------------------------------------------
     0 | D:5      | blackman the Human Delver began the quest for the Orb.
     0 | D:5      | Reached XP level 1. HP: 18/18 MP: 1/1
    10 | D:5      | Found a staircase to the Ecumenical Temple.
    19 | Temple   | Entered the Ecumenical Temple
   146 | Temple   | Became a worshipper of Elyvilon the Healer
   276 | D:4      | Reached XP level 2. HP: 11/24 MP: 2/2
   724 | D:4      | Slain by a gnoll

Illustrated notes

Levels and vault maps discovered:
D:4:      layout_rooms, minivault_11, minivault_27
D:5:      layout_basic, mainiacjoe_overflow_24_doors,
          nicolae_ru_the_path_less_chosen, mainiacjoe_overflow_surrounded_room,
          minmay_temple_entry_ruins, nicolae_ossuary_entry_giza,
          lightli_church_of_beogh
Temple:   regret_index_temple_generic_petals

Action                   || total
-------------------------++-------
Melee: Hand axe          ||    11
  Use: Scroll            ||     1
Dodge: Dodged            ||     9

Table legend: (Time is in decaauts)
 A = Elapsed time spent in this place.
 B = Non-inter-level travel time spent in this place.
 C = Inter-level travel time spent in this place.
 D = Time resting spent in this place.
 E = Time spent auto-exploring this place.
 F = Levels seen in this place.
 G = Mean time per level.
                   A        B        C        D        E       F      G
               +--------+--------+--------+--------+--------+-----+--------+
         Total |    727 |    699 |     28 |    427 |    196 |   3 |  242.3 |
       Dungeon |    499 |    499 |      0 |    427 |      6 |   2 |  249.5 |
        Temple |    227 |    199 |     28 |      0 |    190 |   1 |  227.0 |
               +--------+--------+--------+--------+--------+-----+--------+

Top non-repeatable levels by time:
     D:4: 417 daAuts
  Temple: 227 daAuts
     D:5: 82 daAuts
